 Dungeon Crawl Stone Soup version 0.23-a0-558-g30802b1 (webtiles) character file.

229788 galech the Severer (level 19, -2/157 HPs)
             Began as a Demonspawn Fighter on Dec 12, 2018.
             Was the Champion of Okawaru.
             Slain by a juggernaut (21 damage)
             ... on level 3 of the Depths.
             The game lasted 01:06:02 (29087 turns).

galech the Severer (Demonspawn Fighter)            Turns: 29087, Time: 01:06:03

Health: -2/157     AC: 36    Str: 16    XL:     19   Next: 10%
Magic:  0/23       EV: 15    Int:  7    God:    Okawaru [******]
Gold:   4285       SH: 16    Dex: 20    Spells: 18/18 levels left

rFire    + . .     SeeInvis +   z - +8 mithril axe "Arga" {speed, MR+}
rCold    + + .     Gourm    .   L - +2 shield {rC+ rF+}
rNeg     . . .     Faith    .   E - +8 chain mail of Hepliaklqana {MR+++ Regen+ rCorr Int-4}
rPois    .         Spirit   +   (helmet unavailable)
rElec    +         Reflect  .   n - +2 cloak
rCorr    +         Harm     .   Z - +1 pair of gloves of Tomorrow {rElec rC+}
MR       +++++                  b - +1 pair of boots {Stlth+}
Stlth    +.........             J - amulet of the acrobat
HPRegen  0.76/turn              C - +5 ring of protection
MPRegen  0.18/turn              Y - +4 ring of evasion

@: no status effects
A: antennae 3, yellow scales 2, demonic guardian 3, augmentation 2, magic shield
a: Heroism, Finesse, Renounce Religion


You were on level 3 of the Depths.
You worshipped Okawaru.
Okawaru was exalted by your worship.
You were not hungry.

You visited 5 branches of the dungeon, and saw 29 of its levels.
You also visited: Gauntlet.

You collected 4600 gold pieces.
You spent 315 gold pieces at shops.

Inventory:

Hand Weapons
 z - the +8 mithril axe "Arga" (weapon) {speed, MR+}
   (You found it on level 3 of the Elven Halls)

   Attacks with this weapon are significantly faster.
   It affects your resistance to hostile enchantments.
 N - a +9 broad axe of flaming
Armour
 b - a +1 pair of boots of stealth (worn)
 h - a +0 crystal plate armour
 n - a +2 cloak (worn)
 q - a +2 shield of reflection
 s - a +0 cloak of magic resistance
 u - a +2 buckler of positive energy
 E - the +8 chain mail of Hepliaklqana (worn) {MR+++ Regen+ rCorr Int-4}
   (You took it off a kobold on level 7 of the Dungeon)

   It affects your intelligence (-4).
   It affects your resistance to hostile enchantments.
   It increases your rate of regeneration.
   It provides partial protection from all sources of acid and corrosion.
 L - a +2 shield of resistance (worn)
 P - the +1 plate armour "Wonea" {rPois rN+ Dex+3}
   (You found it on level 6 of the Lair of Beasts)

   It affects your dexterity (+3).
   It protects you from poison.
   It protects you from negative energy.
 S - the +9 scale mail of Leapfrog {rF+ Str+2 Stlth+}
   (Okawaru gifted it to you on level 12 of the Dungeon)

   It affects your strength (+2).
   It protects you from fire.
   It makes you more stealthy.
 V - a +1 plate armour of cold resistance
 Z - the +1 pair of gloves of Tomorrow (worn) {rElec rC+}
   (You found it in a Gauntlet)

   It protects you from cold.
   It insulates you from electricity.
Jewellery
 i - an uncursed ring of poison resistance
 v - an uncursed ring of protection from fire
 w - an uncursed ring of fire
 B - an uncursed ring of positive energy
 C - a +5 ring of protection (left hand)
 J - an amulet of the acrobat (around neck)
 Y - a +4 ring of evasion (right hand)
Wands
 c - a wand of polymorph (10)
 O - a wand of digging (8)
 Q - a wand of iceblast (13)
Scrolls
 d - a scroll of torment
 p - 15 scrolls of teleportation
 r - 10 scrolls of enchant armour
 x - 3 scrolls of identify
 y - 10 scrolls of remove curse
 F - 3 scrolls of magic mapping
 G - a scroll of silence
 H - 5 scrolls of fear
 M - 2 scrolls of blinking
 R - a scroll of acquirement {unknown}
 U - 6 scrolls of amnesia
Potions
 a - 7 potions of flight
 e - 4 potions of berserk rage
 g - 10 potions of curing
 j - a potion of resistance
 k - 3 potions of magic
 l - 7 potions of mutation
 o - 6 potions of haste
 t - 4 potions of agility
 A - 4 potions of cancellation
 D - 5 potions of might
 I - 6 potions of brilliance
 K - 2 potions of ambrosia
 W - a potion of heal wounds
 X - a potion of invisibility
Comestibles
 f - 57 rations


   Skills:
 + Level 16.2 Fighting
 + Level 19.9 Axes
 + Level 11.5 Armour
 + Level 6.5 Dodging
 + Level 5.1 Stealth
 + Level 13.8 Shields
 + Level 5.5 Invocations
 + Level 0.3 Evocations


You had 18 spell levels left.
You didn't know any spells.
Your spell library contained the following spells:

 Spells                   Type           Power        Failure   Level  Hunger
 Beastly Appendage        Tmut           #.....       99%         1    ##.....
 Corona                   Hex            #......      99%         1    ##.....
 Flame Tongue             Conj/Fire      #....        99%         1    ##.....
 Magic Dart               Conj           #...         99%         1    ##.....
 Sandblast                Erth           #.....       99%         1    ##.....
 Sting                    Conj/Pois      #...         99%         1    ##.....
 Summon Butterflies       Summ           #.......     99%         1    ##.....
 Blink                    Tloc           N/A          100%        2    ###....
 Call Imp                 Summ           #.......     100%        2    ###....
 Ensorcelled Hibernation  Hex/Ice        #.....       100%        2    ###....
 Passwall                 Tmut/Erth      #.......     100%        2    ###....
 Poisonous Vapours        Pois/Air       #.....       100%        2    ###....
 Shroud of Golubria       Chrm/Tloc      #.........   100%        2    ###....
 Slow                     Hex            #.......     100%        2    ###....
 Throw Flame              Conj/Fire      #.....       100%        2    ###....
 Throw Frost              Conj/Ice       #.....       100%        2    ###....
 Call Canine Familiar     Summ           #.......     100%        3    ####...
 Confuse                  Hex            #.......     100%        3    ####...
 Conjure Flame            Conj/Fire      #.......     100%        3    ####...
 Dazzling Spray           Conj/Hex       #.....       100%        3    ####...
 Gell's Gravitas          Tloc           #.........   100%        3    ####...
 Ignite Poison            Fire/Tmut/Pois #.......     100%        3    ####...
 Inner Flame              Hex/Fire       #.......     100%        3    ####...
 Lesser Beckoning         Tloc           #.........   100%        3    ####...
 Mephitic Cloud           Conj/Pois/Air  #.......     100%        3    ####...
 Portal Projectile        Hex/Tloc       #.....       100%        3    ####...
 Recall                   Summ/Tloc      N/A          100%        3    ####...
 Spider Form              Tmut/Pois      #.........   100%        3    ####...
 Stone Arrow              Conj/Erth      #.....       100%        3    ####...
 Tukima's Dance           Hex            #.......     100%        3    ####...
 Animate Dead             Necr           N/A          100%        4    #####..
 Cause Fear               Hex            #.........   100%        4    #####..
 Force Lance              Conj/Tloc      #.......     100%        4    #####..
 Leda's Liquefaction      Hex/Erth       #.........   100%        4    #####..
 Olgreb's Toxic Radiance  Pois           #.......     100%        4    #####..
 Petrify                  Tmut/Erth      #.......     100%        4    #####..
 Sticky Flame             Conj/Fire      #.......     100%        4    #####..
 Summon Ice Beast         Ice/Summ       #.......     100%        4    #####..
 Alistair's Intoxication  Tmut/Pois      #.......     100%        5    ######.
 Blade Hands              Tmut           #.........   100%        5    ######.
 Bolt of Magma            Conj/Fire/Erth #.........   100%        5    ######.
 Borgnjor's Vile Clutch   Necr/Erth      #.........   100%        5    ######.
 Fireball                 Conj/Fire      #.........   100%        5    ######.
 Irradiate                Conj/Tmut      #.........   100%        5    ######.
 Lee's Rapid Deconstruct  Erth           #.........   100%        5    ######.
 Summon Mana Viper        Hex/Summ       #.......     100%        5    ######.
 Venom Bolt               Conj/Pois      #.........   100%        5    ######.
 Death Channel            Necr           #.........   100%        6    #######
 Dispersal                Tloc           #.........   100%        6    #######
 Hydra Form               Tmut           #.........   100%        6    #######
 Iron Shot                Conj/Erth      #.........   100%        6    #######
 Simulacrum               Ice/Necr       #.........   100%        6    #######
 Statue Form              Tmut/Erth      #........    100%        6    #######
 Malign Gateway           Summ/Tloc      #.........   100%        7    #######
 Summon Hydra             Summ           #.........   100%        7    #######
 Controlled Blink         Tloc           N/A          100%        8    #######
 Disjunction              Tloc           #.........   100%        8    #######
 Shatter                  Erth           #.........   100%        9    #######


Dungeon Overview and Level Annotations

Branches:
Dungeon (15/15)            Temple (0/1) D:6            Lair (6/6) D:9
 Shoals (0/4) Lair:4        Snake (0/4) Lair:2        Slime (0/5) Lair:6
    Orc (2/2) D:12            Elf (3/3) Orc:2        Vaults (0/5) D:13
 Depths (3/5) D:15

Altars:
Cheibriados
Fedhas
Gozag
Hepliaklqana
Kikubaaqudgha
Okawaru
Ru
Trog
Vehumet
Wu Jian
Yredelemnul
The Shining One
Jiyva
Lugonu

Shops:
D:4 ?   D:13 [*   Orc:2 ??}*   Elf:1 =}}

Portals:
Hell: Depths:1 Depths:2
Abyss: Depths:3
Pandemonium: Depths:1 Depths:2 Depths:3


Innate Abilities, Weirdness & Mutations

You have a pair of large antennae on your head. (SInv)
You are mostly covered in yellow scales. (AC +3)
A powerful demonic guardian rushes to your aid.
Your magical and physical power is enhanced at high health.
When hurt, damage is shared between your health and your magic reserves.


Message History

You block the juggernaut's attack.
The yaktaur burns!
The yaktaur stops burning.
The yaktaur captain shoots a bolt.
The bolt hits you!!!
* * * LOW HITPOINT WARNING * * *
The yaktaur shoots a bolt.
The bolt hits your balrug!!
Your balrug gestures at the yaktaur.
The bolt of fire hits the yaktaur.
The yaktaur dies!
Okawaru accepts your kill.
You see here 2 bolts.
You feel much better.
A yaktaur comes into view.
The tengu reaver gestures at you while chanting.
The fireball explodes!
The fireball engulfs you!
The battlesphere fires!
The barrage of energy hits you!
* * * LOW HITPOINT WARNING * * *
Unknown command.
There is a stone staircase leading up here.
The juggernaut hits you!!
You die...

##..... ......
##.....# #c.....
.#......##.)....
(.......#{.c....
?..$.{.*...(#
##{.{.# ##..{(##
##...2### ##....#C@#
# ...##........# ...
...#....###..## ...
......# #...+ ...
##.....# #..##
...##....#.####..#
...#.............#
.........#.####'####
##.......#.#.......#


You could see a juggernaut and a friendly balrug.

Vanquished Creatures
  A juggernaut (Depths:2)
  A golden dragon (Depths:2)
  3 deep elf blademasters
  A deep elf master archer (Elf:3)
  A tengu reaver (Depths:1)
  A draconian monk (Depths:2)
  3 fire giants
  A draconian scorcher (Depths:2)
  3 deep elf sorcerers (Elf:3)
  2 spriggan defenders (Depths:3)
  A draconian shifter (Depths:2)
  A draconian stormcaller (Depths:2)
  A draconian annihilator (Depths:2)
  3 deep elf elementalists (Elf:3)
  4 stone giants
  4 very ugly things
  A minotaur (Gauntlet)
  4 deep elf annihilators (Elf:3)
  6 deep elf demonologists
  3 spark wasps (Depths:2)
  A dire elephant (shapeshifter) (Elf:3)
  9 deep elf death magi
  4 fire dragons
  Josephine (D:13)
  3 ogre magi
  3 deep elf high priests
  A great orb of eyes (Depths:3)
  A rakshasa (Depths:1)
  2 yaktaur captains
  5 ice dragons
  Harold (D:8)
  8 hydras
  A hell beast (Depths:3)
  2 spriggan air magi (Depths:3)
  3 catoblepae
  5 centaur warriors
  An anaconda (shapeshifter) (Depths:3)
  10 two-headed ogres
  A death scarab (Gauntlet)
  A vampire mage (Depths:1)
  33 dancing weapons
  An orc high priest (Orc:2)
  A tengu warrior (Depths:3)
  3 spriggan berserkers
  24 deep elf knights
  6 slime creatures
  The ghost of Lavandula the Slicer, a novice HaEn of Hepliaklqana (D:9)
  A deep troll (D:13)
  A fire crab (Lair:6)
  A wizard (Depths:1)
  6 unseen horrors
  A glowing orange brain (Depths:2)
  11 deep elf archers
  An orange crystal statue (Gauntlet)
  A torturous demonspawn (Depths:3)
  A swamp dragon (shapeshifter) (Elf:1)
  2 flayed ghosts
  A lindwurm (Depths:2)
  2 harpies (D:14)
  A wolf spider zombie (D:14)
  A necromancer (D:13)
  2 orc knights
  Pikel (D:5)
  A wolf spider (Lair:3)
  15 ugly things
  5 orc sorcerers
  63 deep elf magi
  7 manticores
  5 cyclopes
  7 oklob plants
  A black mamba (shapeshifter) (D:15)
  An ice statue (D:12)
  6 black mambas
  An eye of devastation (shapeshifter) (Depths:2)
  3 molten gargoyles (Lair:6)
  2 smoke demons (Depths:1)
  3 gargoyles
  8 centaur skeletons
  15 spiny frogs
  A tormentor (Depths:1)
  An efreet (D:15)
  An ice devil (Depths:1)
  15 komodo dragons
  10 yaktaurs
  5 rime drakes
  A komodo dragon (shapeshifter) (Elf:1)
  A kobold demonologist (D:13)
  4 tengu conjurers
  4 trolls
  A troll (shapeshifter) (Elf:2)
  A merfolk (shapeshifter) (Elf:3)
  4 polar bears
  4 red devils
  5 hornets
  A meliai zombie (D:11)
  11 hippogriffs
  18 blink frogs
  A dream sheep (Lair:1)
  3 air elementals
  2 shadows
  4 spriggans
  8 wraiths
  31 yaks
  4 water elementals
  9 wyverns
  9 basilisks
  2 hungry ghosts
  A fire elemental (Elf:3)
  2 steam dragons
  A chaos spawn (Depths:1)
  3 wargs
  2 acid dragons
  4 nagas (Lair:2)
  4 hell hounds (Lair:6)
  17 water moccasins
  A soldier ant (D:12)
  15 porcupines
  2 swamp drakes (Depths:2)
  29 orc warriors
  An ice beast (D:15)
  2 black bears (D:7)
  A phantom (D:9)
  3 boggarts (Depths:1)
  2 necrophages
  21 ogres
  18 wolves
  20 centaurs
  11 crocodiles
  6 big kobolds
  19 bullfrogs
  2 earth elementals
  A wyvern zombie (D:13)
  A spiny frog simulacrum (Gauntlet)
  2 wyvern skeletons
  7 scorpions
  2 water moccasin skeletons (D:6)
  4 killer bees (D:10)
  10 wights
  2 electric eels
  A howler monkey (D:9)
  5 lava snakes (Lair:6)
  10 crimson imps
  3 centaur zombies
  2 human zombies (D:9)
  A quasit (D:8)
  4 hounds
  4 bullfrog zombies
  5 jellies
  43 orc wizards
  21 orc priests
  Ijyb (D:5)
  2 human skeletons (D:9)
  12 worker ants
  A killer bee zombie (D:7)
  2 bullfrog simulacra (Gauntlet)
  4 centaur simulacra
  A hound zombie (D:6)
  2 hound skeletons
  3 mummies (D:9)
  A worker ant zombie (D:7)
  25 adders
  11 gnolls
  5 shadow imps
  2 white imps (Depths:1)
  3 ufetubi (Depths:1)
  An adder zombie (D:8)
  3 adder skeletons
  3 worms
  6 dart slugs
  3 leopard geckos
  62 orcs
  3 ball pythons
  3 bats
  11 giant cockroaches
  9 goblins
  8 hobgoblins
  18 jackals
  7 quokkas
  A frilled lizard (D:4)
  A jackal skeleton (D:4)
  30 kobolds
  2 leopard gecko skeletons
  An orc zombie (D:9)
  A quokka skeleton (D:8)
  18 rats
  5 fungi
  9 plants
1110 creatures vanquished.

Vanquished Creatures (collateral kills)
  A deep elf sorcerer (Elf:3)
  2 very ugly things (Depths:3)
  Snorg (Lair:3)
  A hydra (Lair:6)
  3 two-headed ogres
  A deep elf knight (Elf:2)
  A death drake (Depths:2)
  A deep elf archer (Elf:3)
  A harpy (D:14)
  3 deep elf magi
  A centaur zombie (D:15)
  A centaur skeleton (D:15)
  2 yaktaurs (Depths:3)
  2 blink frogs
  A dream sheep (Lair:1)
  A hornet (Depths:2)
  A wraith (D:12)
  A yak (D:11)
  A swamp drake (Depths:2)
  An orc warrior (Depths:2)
  An eye of draining (D:12)
  A phantom (D:6)
  A bullfrog (Lair:3)
  2 howler monkeys
  A crimson imp (D:12)
  3 jellies
  An adder (D:5)
  2 orcs (D:8)
  2 jackals (D:6)
  A quokka (D:8)
  4 kobolds
  2 plants
48 creatures vanquished.

Vanquished Creatures (others)
  Saint Roka (Depths:2)
  Nikola (Depths:3)
  A deep elf master archer (Elf:3)
  A dancing weapon (Elf:1)
  A death drake (Depths:2)
  3 deep elf archers
  A deep elf mage (Elf:3)
  An orc sorcerer (Depths:2)
  2 orc warriors (Depths:2)
  A crimson imp (Depths:1)
  An orc wizard (Orc:2)
  A dart slug (D:5)
  2 orcs (Depths:2)
  A quokka (D:6)
  A bush (Lair:3)
  17 fungi
  57 plants
93 creatures vanquished.

Grand Total: 1251 creatures vanquished

Notes
Turn   | Place    | Note
-------+----------+-------------------------------------------
     0 | D:1      | galech the Demonspawn Fighter began the quest for the Orb.
     0 | D:1      | Reached XP level 1. HP: 18/18 MP: 1/1
    49 | D:1      | Gained mutation: You are partially covered in yellow
                  | scales. (AC +2) [demonic ancestry]
    49 | D:1      | Reached XP level 2. HP: 19/24 MP: 2/2
   134 | D:1      | Reached skill level 2 in Axes
   238 | D:1      | Gained mutation: You have a pair of small antennae on your
                  | head. [demonic ancestry]
   238 | D:1      | Reached XP level 3. HP: 11/29 MP: 3/3
   390 | D:1      | You fall through a shaft!
  1150 | D:2      | Reached XP level 4. HP: 29/35 MP: 4/4
  1196 | D:2      | Found a blossoming altar of Fedhas.
  1456 | D:3      | Found a glowing golden altar of the Shining One.
  1458 | D:3      | Found an ancient bone altar of Kikubaaqudgha.
  1461 | D:3      | Found an ornate altar of the Wu Jian Council.
  1493 | D:3      | Reached skill level 1 in Dodging
  1672 | D:3      | Reached skill level 3 in Axes
  1709 | D:3      | Reached XP level 5. HP: 32/41 MP: 5/5
  2043 | D:3      | Found a faded altar of an unknown god.
  2450 | D:4      | Reached skill level 4 in Axes
  2548 | D:4      | Gained mutation: A weak demonic guardian rushes to your
                  | aid. [demonic ancestry]
  2548 | D:4      | Reached XP level 6. HP: 38/47 MP: 6/6
  2721 | D:4      | Found Vudwiur's Magic Scroll Emporium.
  3115 | D:5      | Entered Level 5 of the Dungeon
  3132 | D:5      | Found a bloodstained altar of Trog.
  3132 | D:5      | Found a hazy altar of Hepliaklqana.
  3137 | D:5      | Found a sacrificial altar of Ru.
  3139 | D:5      | Found a radiant altar of Vehumet.
  3140 | D:5      | Found an opulent altar of Gozag.
  3214 | D:5      | Reached skill level 5 in Axes
  3283 | D:5      | Noticed Ijyb
  3285 | D:5      | Gained mutation: When hurt, damage is shared between your
                  | health and your magic reserves. [demonic ancestry]
  3285 | D:5      | Reached XP level 7. HP: 53/53 MP: 7/7
  3288 | D:5      | Killed Ijyb
  3315 | D:5      | Found an iron altar of Okawaru.
  3318 | D:5      | Became a worshipper of Warmaster Okawaru
  3322 | D:5      | Noticed Pikel
  3326 | D:5      | Killed Pikel
  3326 | D:5      | Reached * piety under Okawaru
  3326 | D:5      | Reached ** piety under Okawaru
  3326 | D:5      | Reached skill level 6 in Axes
  3326 | D:5      | Gained mutation: You are mostly covered in yellow scales.
                  | (AC +3) [demonic ancestry]
  3326 | D:5      | Reached XP level 8. HP: 60/60 MP: 8/8
  3749 | D:6      | Reached skill level 7 in Axes
  3830 | D:6      | Found a snail-covered altar of Cheibriados.
  3907 | D:6      | Reached *** piety under Okawaru
  3977 | D:6      | Reached skill level 5 in Shields
  4128 | D:6      | Reached skill level 8 in Axes
  4145 | D:6      | Found a staircase to the Ecumenical Temple.
  4293 | D:7      | Reached XP level 9. HP: 61/67 MP: 7/9
  4505 | D:7      | Reached skill level 5 in Fighting
  4543 | D:7      | Reached **** piety under Okawaru
  4697 | D:7      | Noticed a troll
  4717 | D:7      | Killed a troll
  4717 | D:7      | Reached ***** piety under Okawaru
  4717 | D:7      | Reached skill level 9 in Axes
  4717 | D:7      | Reached skill level 5 in Armour
  4751 | D:7      | Noticed a purple ugly thing
  4751 | D:7      | Noticed a cyan ugly thing
  4767 | D:7      | Killed a purple ugly thing
  4775 | D:7      | Killed a cyan ugly thing
  4775 | D:7      | Reached skill level 1 in Invocations
  4793 | D:7      | Killed an unseen horror
  4793 | D:7      | Received a gift from Okawaru
  4793 | D:7      | Reached XP level 10. HP: 53/77 MP: 5/10
  4881 | D:7      | Reached skill level 10 in Axes
  4885 | D:7      | Noticed an orc knight
  4911 | D:7      | Killed an orc knight
  4932 | D:7      | Identified the +8 chain mail of Hepliaklqana {MR+++ Regen+
                  | rCorr Int-4}
  5635 | D:8      | Noticed Harold
  5654 | D:8      | Killed Harold
  5654 | D:8      | Reached ****** piety under Okawaru
  5654 | D:8      | Received a gift from Okawaru
  5687 | D:8      | Found an opulent altar of Gozag.
  5702 | D:8      | Reached skill level 11 in Axes
  6009 | D:9      | Found a runed gate.
  6009 | D:9      | Found a runed gate.
  6009 | D:9      | Noticed a two-headed ogre
  6012 | D:9      | Found a runed gate.
  6017 | D:9      | Noticed Lavandula's ghost (novice HaEn)
  6172 | D:9      | Received a gift from Okawaru
  6331 | D:9      | Found a basalt altar of Yredelemnul.
  6342 | D:9      | Gained mutation: You have a pair of antennae on your head.
                  | [demonic ancestry]
  6342 | D:9      | Reached XP level 11. HP: 84/84 MP: 12/12
  6688 | D:9      | Found a staircase to the Lair.
  6911 | D:10     | Entered Level 10 of the Dungeon
  6969 | D:10     | Killed an unseen horror
  7764 | D:11     | Reached skill level 12 in Axes
  7798 | D:11     | Reached skill level 1 in Stealth
  7880 | D:11     | Noticed a two-headed ogre
  7887 | D:11     | Killed a two-headed ogre
  7887 | D:11     | Received a gift from Okawaru
  8264 | D:12     | Noticed a white ugly thing
  8270 | D:12     | Killed a white ugly thing
  8273 | D:12     | Found a staircase to the Orcish Mines.
  8396 | D:12     | Noticed a two-headed ogre
  8396 | D:12     | Noticed a two-headed ogre
  8401 | D:12     | Killed a two-headed ogre
  8401 | D:12     | Gained mutation: Your magical and physical power is
                  | slightly enhanced at high health. [demonic ancestry]
  8401 | D:12     | Reached XP level 12. HP: 58/94 MP: 7/13
  8505 | D:12     | Killed a two-headed ogre
  8721 | D:12     | Received a gift from Okawaru
  8726 | D:12     | Got a steaming scale mail {god gift}
  8737 | D:12     | Identified the +9 scale mail of Leapfrog {rF+ Str+2 Stlth+}
                  | (Okawaru gifted it to you on level 12 of the Dungeon)
  8757 | D:12     | Reached skill level 13 in Axes
  9003 | Orc:1    | Entered Level 1 of the Orcish Mines
  9262 | Orc:2    | Entered Level 2 of the Orcish Mines
  9831 | Orc:2    | Noticed an ogre mage
  9831 | Orc:2    | Noticed a two-headed ogre
  9831 | Orc:2    | Noticed a two-headed ogre
  9831 | Orc:2    | Noticed a two-headed ogre
  9832 | Orc:2    | Noticed a two-headed ogre
  9837 | Orc:1    | Killed a two-headed ogre
  9843 | Orc:1    | Killed a two-headed ogre
  9951 | Orc:1    | Killed a two-headed ogre
  9952 | Orc:1    | Killed a two-headed ogre
  9952 | Orc:1    | Received a gift from Okawaru
 10061 | Orc:2    | Killed an ogre mage
 10152 | Orc:2    | Noticed an orc high priest
 10175 | Orc:2    | Killed an orc high priest
 10238 | Orc:2    | Gained mutation: Your magical and physical power is
                  | enhanced at high health. [demonic ancestry]
 10238 | Orc:2    | Reached XP level 13. HP: 101/101 MP: 12/14
 10241 | Orc:2    | Reached skill level 14 in Axes
 10474 | Orc:2    | Found Ylau's Magic Scroll Emporium.
 10474 | Orc:2    | Found Cumig's Assorted Antiques.
 10475 | Orc:2    | Found Suachyol's Gadget Shoppe.
 10478 | Orc:2    | Found Emoosily's Magic Scroll Emporium.
 10616 | Orc:2    | Found a staircase to the Elven Halls.
 10790 | Orc:2    | Bought a scroll of enchant weapon for 105 gold pieces
 10790 | Orc:2    | Bought a scroll of enchant weapon for 105 gold pieces
 10792 | Orc:2    | Bought a scroll of enchant weapon for 105 gold pieces
 10904 | D:9      | Received a gift from Okawaru
 10909 | D:9      | Killed Lavandula's ghost
 11006 | Lair:1   | Entered Level 1 of the Lair of Beasts
 11243 | Lair:1   | Got a pitted scimitar
 11244 | Lair:1   | Identified the +6 scimitar of Exquisite Torment {slice,
                  | rPois Str+4 Int-4} (You found it on level 1 of the Lair of
                  | Beasts)
 11863 | Lair:2   | Found a gate leading to a gauntlet.
 11877 | Gauntlet | Entered a Gauntlet
 11877 | Gauntlet | Found a transporter.
 11880 | Gauntlet | Found a transporter.
 11888 | Gauntlet | Found a transporter.
 11888 | Gauntlet | Found a transporter.
 11901 | Gauntlet | Found a transporter.
 11907 | Gauntlet | Found a transporter.
 11927 | Gauntlet | Found a transporter.
 12015 | Gauntlet | Found a transporter.
 12028 | Gauntlet | Got a pair of transparent gloves
 12047 | Gauntlet | Identified the +1 pair of gloves of Tomorrow {rElec rC+}
                  | (You found it in a Gauntlet)
 12060 | Gauntlet | Found a transporter.
 12097 | Gauntlet | Noticed a minotaur
 12111 | Gauntlet | Killed a minotaur
 12111 | Gauntlet | Received a gift from Okawaru
 12120 | Gauntlet | Identified Livvoix's Grimoire of Mutagenic Clay
 12182 | Lair:2   | Reached skill level 10 in Fighting
 12236 | Lair:2   | Got an ichor-stained chain mail
 12247 | Lair:2   | Identified the +5 chain mail of Ydwywo Boixt {Stlth+} (You
                  | found it on level 2 of the Lair of Beasts)
 12653 | Lair:2   | Found a staircase to the Snake Pit.
 13054 | Lair:3   | Reached skill level 15 in Axes
 13728 | Lair:3   | Noticed Snorg
 13740 | Lair:3   | Killed Snorg
 13740 | Lair:3   | Received a gift from Okawaru
 13745 | Lair:3   | Got an encrusted scale mail {god gift}
 13756 | Lair:3   | Identified the +0 scale mail of the Hunter {+Inv MR+ Str+4}
                  | (Okawaru gifted it to you on level 3 of the Lair of Beasts)
 13973 | Lair:4   | Reached XP level 14. HP: 94/111 MP: 12/16
 14482 | Lair:4   | Found a staircase to the Shoals.
 15512 | Lair:5   | Reached skill level 10 in Shields
 16039 | Lair:6   | Entered Level 6 of the Lair of Beasts
 16074 | Lair:6   | Received a gift from Okawaru
 16074 | Lair:6   | Reached skill level 16 in Axes
 16291 | Lair:6   | Found a staircase to the Slime Pits.
 16415 | Lair:6   | Found a viscous altar of Jiyva.
 16646 | Lair:6   | Got a brightly glowing plate armour
 16657 | Lair:6   | Identified the cursed +1 plate armour "Wonea" {rPois rN+
                  | Dex+3} (You found it on level 6 of the Lair of Beasts)
 17034 | Lair:6   | Found a large runed door.
 17035 | Lair:6   | Found a large runed door.
 17046 | Lair:6   | Received a gift from Okawaru
 17050 | Lair:6   | Got a steaming war axe {god gift}
 17051 | Lair:6   | Identified the +5 war axe of Annihilation {flame, rElec}
                  | (Okawaru gifted it to you on level 6 of the Lair of Beasts)
 17860 | D:13     | Noticed Josephine
 17878 | D:13     | Gained mutation: You have a pair of large antennae on your
                  | head. (SInv) [demonic ancestry]
 17878 | D:13     | Reached XP level 15. HP: 108/119 MP: 15/18
 17890 | D:13     | Killed Josephine
 17992 | D:13     | Found Xiroc's Assorted Antiques.
 18138 | D:13     | Found a gate to the Vaults.
 18316 | D:13     | Received a gift from Okawaru
 18480 | D:13     | Found Niara's Antique Armour Boutique.
 18910 | D:14     | Reached skill level 17 in Axes
 19734 | D:15     | Entered Level 15 of the Dungeon
 19814 | D:15     | Received a gift from Okawaru
 19817 | D:15     | Got a faintly glowing ring mail {god gift}
 19828 | D:15     | Identified the +5 ring mail of Grottiness {-Cast Str+6
                  | SInv} (Okawaru gifted it to you on level 15 of the Dungeon)
 20119 | D:15     | Found a staircase to the Depths.
 20422 | Elf:1    | Entered Level 1 of the Elven Halls
 20694 | Elf:1    | Reached XP level 16. HP: 126/129 MP: 19/19
 20722 | Elf:1    | Received a gift from Okawaru
 20732 | Elf:1    | Got a slimy cloak {god gift}
 20748 | Elf:1    | Identified the +2 cloak of the Fiddle {Str-2 Int+7}
                  | (Okawaru gifted it to you on level 1 of the Elven Halls)
 20810 | Elf:1    | Reached skill level 18 in Axes
 20847 | Elf:1    | Reached skill level 5 in Dodging
 21446 | Elf:1    | Reached skill level 10 in Armour
 21859 | Elf:1    | Found Sekhlyh's Jewellery Shop.
 21860 | Elf:1    | Found Ujeonikh's Gadget Emporium.
 21860 | Elf:1    | Found Jahof's Gadget Emporium.
 21964 | Elf:2    | Received a gift from Okawaru
 22296 | Elf:2    | Found a runed gate.
 22296 | Elf:2    | Found a runed gate.
 22297 | Elf:2    | Found a runed gate.
 22579 | Elf:2    | Received a gift from Okawaru
 22579 | Elf:2    | Reached XP level 17. HP: 84/138 MP: 12/20
 22714 | Elf:2    | Noticed a deep elf blademaster
 22724 | Elf:2    | Killed a deep elf blademaster
 22947 | Elf:3    | Entered Level 3 of the Elven Halls
 23603 | Elf:3    | Noticed a deep elf master archer
 23604 | Elf:3    | Found the +8 mithril axe "Arga" {speed, MR+}
 23621 | Elf:3    | Received a gift from Okawaru
 23950 | Elf:3    | Killed a deep elf master archer
 23951 | Elf:3    | Noticed a deep elf blademaster
 23952 | Elf:3    | Reached skill level 19 in Axes
 23978 | Elf:3    | Killed a deep elf blademaster
 23999 | Elf:3    | Killed a ghostly deep elf blademaster
 24633 | Elf:3    | Noticed a deep elf master archer
 24634 | Elf:3    | Noticed a deep elf blademaster
 24655 | Elf:3    | Killed a deep elf master archer
 24659 | Elf:3    | Killed a ghostly deep elf master archer
 24659 | Elf:3    | Reached skill level 5 in Invocations
 24675 | Elf:3    | Killed a deep elf blademaster
 24681 | Elf:3    | Received a gift from Okawaru
 24744 | Elf:3    | Identified Histuca's Papyrus of Moulding
 25056 | Depths:1 | Entered Level 1 of the Depths
 25076 | Depths:1 | Gained mutation: A demonic guardian rushes to your aid.
                  | [demonic ancestry]
 25076 | Depths:1 | Reached XP level 18. HP: 131/148 MP: 18/21
 25103 | Depths:1 | Got a faintly glowing copper amulet
 25107 | Depths:1 | Identified the amulet of Ohusake {Inacc -Tele rPois Int+4
                  | SInv} (You found it on level 1 of the Depths)
 25233 | Depths:1 | Reached skill level 15 in Fighting
 25527 | Depths:1 | Found a glowing golden altar of the Shining One.
 25710 | Depths:1 | Found a gateway to Hell.
 25731 | Depths:1 | Found a one-way gate leading to the halls of Pandemonium.
 26618 | Depths:2 | Noticed a juggernaut
 26756 | Depths:2 | Killed a juggernaut
 26969 | Depths:2 | Received a gift from Okawaru
 27386 | Depths:2 | Found the +3 salamander hide armour {+Rage rF++}
 27898 | Depths:2 | Noticed Saint Roka
 27914 | Depths:2 | Noticed a golden dragon
 27930 | Depths:2 | Killed a golden dragon
 27942 | Depths:2 | Killed Saint Roka
 28125 | Depths:2 | Identified the Catalogue of the Traveller and Flames
 28127 | Depths:2 | Identified the Catalogue of the End
 28696 | Depths:3 | Noticed Nikola
 28710 | Depths:3 | Killed Nikola
 28710 | Depths:3 | Reached skill level 5 in Stealth
 28760 | Depths:3 | Gained mutation: A powerful demonic guardian rushes to your
                  | aid. [demonic ancestry]
 28760 | Depths:3 | Reached XP level 19. HP: 126/156 MP: 16/23
 29005 | Depths:3 | Found a corrupted altar of Lugonu.
 29005 | Depths:3 | Found a one-way gate to the infinite horrors of the Abyss.
 29074 | Depths:3 | Noticed a juggernaut
 29083 | Depths:3 | HP: 3/156 [yaktaur captain/bolt (33)]
 29087 | Depths:3 | Slain by a juggernaut

Vault maps used:
D:1:      roderic_dead_forest
D:2:      old_standard_altar
D:3:      grunt_temple_overflow_open, chequers_ecumenical_altar_simple,
          minmay_misc_feat_square
D:4:      serial_shops, shop_statue
D:5:      kennysheep_mini_moat, chequers_temple_overflow_minitemple,
          first_ration, uniq_ijyb, uniq_pikel
D:6:      lemuel_temple_firewalk_b, kennysheep_another_room,
          kennysheep_slug_shrine
D:7:      the_bakery, minmay_the_grid_2x2
D:8:      nicolae_gozag_seed_capital, uniq_harold
D:9:      lemuel_mausoleum_altar_yredelemnul, erik_lair_dragon,
          gammafunk_ghost_split
D:12:     orc_0_dummy, minivault_16
D:13:     david_vaults_4, serial_shops, nicolae_shop_statue_plus, shop,
          uniq_josephine
D:14:     minmay_clustersquares, minivault_23, argonaut_gorgonesque
D:15:     grunt_enter_depths_snipers, moated_statue
Lair:1:   wander_river, chequers_serial_rivers_large_a, wad_woods_river_01
Lair:2:   guppyfry_snake_entry_island, gauntlet_entry_generic
Lair:3:   minmay_lair_venomous_thicket, beast_lair_carwin_10, uniq_snorg
Lair:4:   minmay_shoals_entry_beasts, cheibrodos_lair_lostbears,
          grunt_megastairs_1, minmay_lair_oklob_chamber
Lair:5:   dpeg_oklob_1, serial_bayou_shore_b
Lair:6:   cheibrodos_lair_end_hotspot, slime_altar_1
Orc:2:    st_orc_mages
Elf:1:    minmay_elf_crystal_heptagon, hangedman_elven_crosses_minicolossus,
          minmay_shop_grove
Elf:3:    elf_hall_gauntlet_wide
Depths:1: grunt_pan_entry_in_and_out, hell_entry, minmay_misc_feat_hallway,
          interstate_on_off, roderic_lattice_a, basic_loot_grate_trap,
          tso_metal_star
Depths:2: gold_lair_mu, grunt_hell_entry_dis_mu, grunt_decor_clamped, pan_entry,
          serial_bayou_lagoon_a, infiniplex_staircase_star, uniq_saint_roka
Depths:3: minmay_outward_triangles, enter_ziggurat_a, abyss_entry_flame_altar,
          grunt_mini_vestibule, rand_demon_pan_entry_3,
          hangedman_abyss_or_decor_lesser_grid, nemelex_altar_shiori,
          serial_bayou_shore_b, uniq_nikola
Gauntlet: gammafunk_gauntlet_one_two_three

Skill      XL: |  1  2  3  4  5  6  7  8  9 10 11 12 13 14 15 16 17 18 |
---------------+-------------------------------------------------------+-----
Axes           | 2 3 4 5 6 8 9 11 12 13 15 16 17 18 19 | 19.9
Armour         | 3 4 5 7 8 9 10 11 | 11.5
Shields        | 3 4 5 6 7 8 9 10 11 13 | 13.8
Dodging        | 1 2 3 4 5 6 |  6.5
Fighting       | 4 6 7 8 9 10 11 12 13 14 16 | 16.2
Invocations    | 1 2 4 5 |  5.5
Stealth        | 1 2 3 4 5 |  5.1
Evocations     | |  0.3

Action                   |  1- 3 |  4- 6 |  7- 9 | 10-12 | 13-15 | 16-18 | 19-21 || total
-------------------------+-------+-------+-------+-------+-------+-------+-------++-------
Melee: War axe           |   114 |   177 |   165 |   417 |       |       |       ||   873
       Broad axe         |       |       |       |   384 |  1178 |  1296 |    72 ||  2930
Invok: Heroism           |       |       |     4 |     7 |    16 |    16 |       ||    43
       Finesse           |       |       |       |       |     8 |       |       ||     8
Evoke: Wand              |       |       |       |       |     1 |     1 |       ||     2
  Use: Scroll            |     3 |     7 |       |     6 |    21 |    13 |       ||    50
       Potion            |     1 |       |     1 |       |       |     6 |     1 ||     9
 Stab: Distracted        |       |       |       |     5 |    16 |     7 |       ||    28
       Petrified         |       |       |       |       |     3 |       |       ||     3
       Confused          |       |       |       |       |       |       |     2 ||     2
  Eat: Chunk             |     1 |     7 |     5 |    17 |    32 |    26 |     1 ||    89
       Ration            |       |       |       |     1 |     1 |       |       ||     2
Armor: Scale mail        |    70 |    55 |       |       |       |       |       ||   125
       Chain mail        |       |    50 |    83 |   481 |   537 |   357 |    14 ||  1522
       Skin              |       |       |       |       |     3 |       |       ||     3
Dodge: Dodged            |    28 |    34 |    27 |   170 |   462 |   309 |    12 ||  1042
Block: Shield            |    72 |    91 |    82 |   416 |   522 |   536 |    21 ||  1740
       Buckler           |       |       |       |       |    61 |       |       ||    61
       Reflection        |       |       |       |       |     7 |    71 |       ||    78

Table legend:
 A = Non-vault XP
 B = Vault XP
 C = Vault XP percentage of total XP
 D = Non-vault monster count
 E = Vault monster count
 F = Vault count percentage of total count
                 A         B        C        D         E       F
            +---------+---------+-------+---------+---------+-------
      Total |  221634 |  165338 |  42.7 |     825 |     326 |  28.3
            +---------+---------+-------+---------+---------+-------
        D:1 |      58 |       0 |   0.0 |      33 |       0 |   0.0
        D:2 |      87 |       0 |   0.0 |      26 |       0 |   0.0
        D:3 |      81 |       0 |   0.0 |      25 |       0 |   0.0
        D:4 |     361 |       0 |   0.0 |      25 |       0 |   0.0
        D:5 |     432 |     631 |  59.4 |      12 |       2 |  14.3
        D:6 |    1060 |       4 |   0.4 |      30 |       1 |   3.2
        D:7 |    1452 |    3820 |  72.5 |      29 |      21 |  42.0
        D:8 |    1492 |     970 |  39.4 |      48 |       1 |   2.0
        D:9 |     875 |    3933 |  81.8 |      15 |      23 |  60.5
       D:10 |    2793 |       0 |   0.0 |      24 |       0 |   0.0
       D:11 |    3678 |       0 |   0.0 |      37 |       0 |   0.0
       D:12 |    6288 |     425 |   6.3 |      39 |       1 |   2.5
       D:13 |    8704 |    4440 |  33.8 |      32 |       9 |  22.0
       D:14 |    8877 |    7334 |  45.2 |      29 |      16 |  35.6
       D:15 |    5480 |    2254 |  29.1 |      17 |       3 |  15.0
     Lair:1 |    2074 |    1643 |  44.2 |      13 |       4 |  23.5
     Lair:2 |    3238 |     633 |  16.4 |       9 |       4 |  30.8
     Lair:3 |    6910 |    4274 |  38.2 |      34 |      25 |  42.4
     Lair:4 |    7571 |    4275 |  36.1 |      35 |      12 |  25.5
     Lair:5 |    3952 |    1695 |  30.0 |      14 |       3 |  17.6
     Lair:6 |   12673 |    8279 |  39.5 |      39 |      26 |  40.0
      Orc:1 |    4709 |       0 |   0.0 |      24 |       0 |   0.0
      Orc:2 |    3571 |    4760 |  57.1 |      37 |      40 |  51.9
      Elf:1 |   30024 |   19100 |  38.9 |      44 |      29 |  39.7
      Elf:2 |   15319 |   25177 |  62.2 |      24 |      30 |  55.6
      Elf:3 |   22242 |   35411 |  61.4 |      35 |      24 |  40.7
   Depths:1 |   22022 |    2174 |   9.0 |      33 |      14 |  29.8
   Depths:2 |   20202 |   23794 |  54.1 |      31 |      22 |  41.5
   Depths:3 |   25409 |    7181 |  22.0 |      32 |       7 |  17.9
   Gauntlet |       0 |    3131 | 100.0 |       0 |       9 | 100.0
            +---------+---------+-------+---------+---------+-------
